 Dungeon Crawl Stone Soup version 0.26.0-10-g1f06aea511 (webtiles) character file.

Game seed: 5000246781968503204

422 Borgoz the Slasher (level 6, -6/48 HPs)
             Began as a Ghoul Gladiator on Jan 13, 2021.
             Mangled by a centaur (7 damage)
             ... on level 5 of the Dungeon.
             The game lasted 00:03:46 (3625 turns).

Borgoz the Slasher (Ghoul Gladiator)                Turns: 3625, Time: 00:03:47

Health: -6/48      AC:  5    Str: 18    XL:     6   Next: 95%
Magic:  5/5        EV: 13    Int:  3    God:
Gold:   153        SH:  0    Dex: 12    Spells: 5/5 levels left

rFire    . . .     SeeInvis .   a - +0 long sword
rCold    + . .     Faith    .   (no shield)
rNeg     + + +     Spirit   .   b - +0 leather armour
rPois    ∞         Reflect  .   c - +0 helmet
rElec    .         Harm     .   l - +0 cloak
rCorr    .         Rampage  .   (no gloves)
Will     .....                  (no boots)
Stlth    +.........             (no amulet)
HPRegen  0.00/turn              (no ring)
MPRegen  0.09/turn              (no ring)

@: no status effects
A: claws 1, cold resistance 1, negative energy resistance 3, inhibited
regeneration, torment resistance, unbreathing
a: no special abilities


You were on level 5 of the Dungeon.
You visited 1 branch of the dungeon, and saw 5 of its levels.

You collected 153 gold pieces.

Inventory:

Hand Weapons
 a - a +0 long sword (weapon)
Missiles
 d - a throwing net (quivered)
Armour
 b - a +0 leather armour (worn)
 c - a +0 helmet (worn)
 l - a +0 cloak (worn)
Wands
 f - a wand of digging (6)
Scrolls
 e - 3 scrolls of remove curse
 j - a scroll of teleportation {unknown}
 n - a scroll of enchant weapon {unknown}
 p - 2 scrolls of blinking {unknown}
 q - a scroll of magic mapping {unknown}
 r - a scroll of fear {unknown}
Potions
 g - a potion of mutation
 h - 2 potions of haste
 i - a potion of brilliance {unknown}
 k - 3 potions of curing {unknown}
 m - a potion of heal wounds {unknown}
 s - 2 potions of flight {unknown}


   Skills:
 - Level 2.1 Fighting
 * Level 5.2 Long Blades
 - Level 1.7 Throwing
 + Level 2.8 Armour
 + Level 4.1 Dodging


You had 5 spell levels left.
You didn't know any spells.
Your spell library was empty.

Dungeon Overview and Level Annotations

Branches:
Dungeon (5/15)
 Temple: D:4-7

Altars:
Fedhas
Sif Muna
Wu Jian
Xom

Annotations:
D:4 exclusion: oklob plant


Innate Abilities, Weirdness & Mutations

You thrive by killing the living.
You are immune to poison.
You have sharp fingernails.
Your flesh is cold resistant. (rC+)
You are immune to negative energy. (rN+++)
You do not regenerate when monsters are visible.
You are immune to unholy pain and torment.
You can survive without breathing.


Message History

Throw: 2 throwing nets
Press: ? - help, Q - select action Shift-Dir - straight line, f - centaur
Aim: a centaur, quivering 8 arrows (lightly wounded)
You throw a throwing net. The throwing net hits the centaur.
The centaur is caught in the net!
The centaur is lightly wounded.
The centaur struggles against the net.
You catch the helpless centaur completely off-guard!
You hit the centaur.
The centaur is moderately wounded.
The centaur struggles against the net. x2
The net rips apart, and the centaur comes free!
You barely miss the centaur.
The centaur is moderately wounded.
The centaur closely misses you.
You riposte.
You slash the centaur!
The centaur is severely wounded.
You hit the centaur.
The centaur is almost dead.
The centaur hits you!
You die...

#..##..#..#.#.###......
#... ##.................
.##.###(.................
[...#.((..#..............
.........###.............
.<.####(###..........†...
.. #.(.#............†..
##.....# ..........
##@...# ......#...
#.c...# .....##.##
#.....# ....(.....
........ ..........
.#.....#.......##...
.##.....#... #.... ..
....... .. #..## ..
......#. #.. #.


You could see a centaur.

Vanquished Creatures
  2 ogres (D:4)
  A jelly (D:5)
  2 orc wizards (D:4)
  Ijyb (D:4)
  A worker ant (D:5)
  A hound skeleton (D:5)
  A howler monkey zombie (D:5)
  3 adders
  An ooze (D:3)
  A dart slug (D:3)
  3 leopard geckos
  2 orcs (D:4)
  3 giant cockroaches
  6 goblins
  4 hobgoblins
  3 jackals (D:5)
  3 quokkas
  4 ball pythons
  3 bats
  2 frilled lizards
  10 kobolds
  8 rats
65 creatures vanquished.

Notes
Turn   | Place    | Note
-------+----------+-------------------------------------------
     0 | D:1      | Borgoz the Ghoul Gladiator began the quest for the Orb.
     0 | D:1      | Reached XP level 1. HP: 17/17 MP: 0/0
   148 | D:1      | Reached XP level 2. HP: 24/24 MP: 1/1
   150 | D:1      | Reached skill level 3 in Long Blades
   659 | D:1      | Reached XP level 3. HP: 29/29 MP: 2/2
   934 | D:2      | Reached skill level 1 in Armour
  1030 | D:2      | Found an ornate altar of the Wu Jian Council.
  1914 | D:3      | Reached XP level 4. HP: 36/36 MP: 3/3
  2409 | D:4      | Reached skill level 4 in Long Blades
  2438 | D:4      | Reached XP level 5. HP: 41/41 MP: 4/4
  2596 | D:4      | Noticed Ijyb
  2613 | D:4      | Killed Ijyb
  2783 | D:4      | Noticed an ogre
  2787 | D:4      | Noticed an ogre
  2790 | D:4      | Killed an ogre
  2791 | D:4      | Reached XP level 6. HP: 34/48 MP: 5/5
  2798 | D:4      | HP: 2/48 [ogre/+0 giant spiked club (17)]
  2805 | D:4      | Reached skill level 5 in Long Blades
  3294 | D:4      | Found a shimmering blue altar of Sif Muna.
  3360 | D:4      | Found a blossoming altar of Fedhas.
  3381 | D:4      | Noticed an oklob plant
  3451 | D:5      | Entered Level 5 of the Dungeon
  3599 | D:5      | Found a shimmering altar of Xom.
  3620 | D:5      | HP: 2/48 [centaur (7)]
  3625 | D:5      | Mangled by a centaur

Illustrated notes

Levels and vault maps discovered:
D:1:      dpeg_arrival_windows_large_door, layout_basic
D:2:      layout_basic, lemuel_round_altar, kennysheep_generic_room_15
D:3:      layout_basic
D:4:      layout_cave_pools, led_sif_pool, tgw_fedhas, uniq_ijyb
D:5:      layout_cave_pools, kennysheep_mini, lemuel_crystal_altar,
          serial_shops, shop, kennysheep_generic_room_9, uniq_blork_the_orc,
          uniq_crazy_yiuf_cottage

Skill      XL: |  1  2  3  4  5  6 |
---------------+-------------------+-----
Long Blades    | 3 4 5 |  5.2
Dodging        | 3 4 |  4.1
Armour         | 1 2 |  2.8
Fighting       | |  2.1
Throwing       | |  1.7

Action                   |  1- 3 |  4- 6 || total
-------------------------+-------+-------++-------
Melee: Long sword        |   112 |   106 ||   218
Throw: Throwing net      |       |     3 ||     3
  Use: Scroll            |     5 |       ||     5
       Potion            |       |     5 ||     5
 Stab: Held in net/web   |       |     4 ||     4
       Sleeping          |       |     1 ||     1
Armor: Leather armour    |    36 |    30 ||    66
Dodge: Dodged            |    98 |    71 ||   169
       Rpst.: Long sword |    30 |    20 ||    50
